Map: Cyber Forest LE

Players

Vanya - Winner!

  • Race: Protoss Protoss
  • League: Grandmaster
  • Spawn Location: 11:00

Mez

  • Race: Terran Terran
  • League: Master
  • Spawn Location: 5:00

VOD

Have the link to the VOD?

Description

Time

  • Played on: Aug. 15, 2019, 8:06 a.m.
  • Length: 13:08
Show
View Real Time Build Order
Export as new Build Order

Vanya Protoss - Winner!

Build Orders: 1 Gate Expand, Oracle Opening 

Get SALT Encoding   

  12  0:00  Probe  
  13  0:12  Probe  
  14  0:17  Pylon  
  14  0:24  Probe  
  15  0:32  Probe  
  15  0:37  Gateway  
  16  0:43  Probe  
  16  0:44  Assimilator  
  17  0:55  Probe  
  18  1:07  Probe  
  19  1:20  Probe  
  19  1:23  Cybernetics Core  
  20  1:33  Nexus  
  20  1:39  Probe  
  21  1:44  Assimilator  
  21  1:47  Pylon  
  21  1:52  Probe  
  22  1:57  Adept  
  22  2:05  Probe  
  25  2:14  Stargate  
  25  2:27  Adept  
  25  2:29  Warp Gate  
  27  2:31  Probe  
  28  2:41  Probe  
  28  2:42  Probe  
  29  2:49  Probe  
  29  2:51  Probe, Oracle  
  30  2:57  Pylon  
  30  2:58  Probe  
  32  3:01  Probe  
  37  3:10  Probe  
  38  3:13  Gateway  
  38  3:15  Probe  
  39  3:22  Probe, Gateway  
  40  3:29  Probe  
  40  3:31  Oracle  
  44  3:34  Probe  
  45  3:44  Probe  
  45  3:46  Probe  
  47  3:56  Probe  
  47  3:58  Nexus  
  47  4:01  Pylon  
  48  4:09  Probe  
  49  4:12  Phoenix  
  49  4:13  Probe  
  50  4:21  Assimilator, Probe  
  50  4:23  Sentry, Assimilator  
  50  4:24  Sentry  
  57  4:25  Probe  
  57  4:28  Stalker  
  60  4:33  Probe  
  60  4:38  Probe, Pylon  
  62  4:47  Pylon  
  62  4:59  Probe, Forge  
  62  5:01  Probe, Protoss Ground Weapons Level 1  
  62  5:02  Twilight Council  
  64  5:07  Probe x2  
  64  5:13  Probe  
  67  5:15  Probe x2  
  67  5:16  Stalker x3  
  75  5:21  Shield Battery, Pylon  
  75  5:25  Probe x2  
  75  5:27  Probe  
  78  5:28  Blink  
  78  5:37  Probe  
  78  5:38  Probe  
  80  5:43  Gateway  
  80  5:44  Gateway  
  80  5:48  Gateway  
  80  5:53  Sentry  
  80  5:54  Stalker, Sentry  
  80  5:56  Probe x2  
  88  5:59  Probe  
  88  6:03  Assimilator  
  89  6:05  Assimilator  
  89  6:08  Robotics Facility, Probe  
  89  6:09  Probe  
  91  6:11  Probe  
  92  6:21  Probe x2  
  94  6:26  Pylon  
  94  6:28  Stalker, Pylon  
  94  6:29  Stalker x2  
  100  6:37  Forge  
  100  6:44  Probe  
  101  6:47  Pylon  
  101  6:49  Protoss Ground Weapons Level 2  
  101  6:51  Gateway  
  101  6:52  Gateway  
  101  6:54  Protoss Ground Armor Level 1  
  101  6:55  Pylon  
  101  6:57  Pylon  
  101  6:58  Stalker x3  
  101  6:59  Stalker  
  109  7:07  Probe  
  110  7:11  Immortal  
  114  7:19  Robotics Bay  
  114  7:20  Charge  
  114  7:25  Stalker x3  
  120  7:40  Stalker x3  
  126  7:49  Pylon  
  123  8:02  Nexus  
  123  8:05  Zealot x6, Pylon  
  131  8:06  Zealot  
  131  8:11  Colossus  
  143  8:17  Extended Thermal Lance  
  143  8:22  Pylon  
  143  8:24  Pylon  
  143  8:35  Zealot  
  143  8:36  Zealot x5  
  155  8:50  Zealot x2  
  155  8:52  Templar Archives  
  154  8:57  Probe  
  154  9:00  Protoss Ground Weapons Level 3, Protoss Ground Armor Level 2  
  133  9:11  Probe  
  134  9:18  Warp Prism  
  130  9:24  Zealot x5  
  130  9:25  Zealot  
  142  9:32  Pylon  
  142  9:38  Pylon  
  142  9:40  Gateway  
  142  9:41  Gateway  
  142  9:47  High Templar x4  
  142  9:48  High Templar x4  
  158  9:58  Archon x3  
  158  9:59  Archon  
  158  10:01  Colossus  
  158  10:04  Probe  
  165  10:13  Probe  
  165  10:14  Probe  
  162  10:25  Stalker  
  162  10:26  Stalker x3, Zealot x2  
  162  10:27  Zealot x2  
  140  10:50  Zealot x4  
  140  10:51  Zealot x2  
  140  10:52  Zealot x4  
  140  10:55  Colossus  
  142  11:00  Probe x2  
  138  11:12  Stalker x3  
  138  11:13  High Templar  
  138  11:14  High Templar x3  
  138  11:16  Zealot x3  
  158  11:18  Archon x2  
  158  11:23  Probe x2  
  158  11:24  Probe x2  
  160  11:37  Stalker x3  
  160  11:38  Stalker x2  
  170  11:42  Probe  
  171  11:47  Assimilator  
  171  11:50  Assimilator  
  163  12:16  Nexus  
  163  12:19  Zealot x3  
  163  12:20  Zealot x6  
  167  12:31  Zealot  
  167  12:42  Zealot  
  167  12:43  Zealot x6  
  147  13:02  Zealot x3  
  147  13:04  High Templar x3  
  147  13:05  High Templar, Zealot  
Show
View Real Time Build Order
Export as new Build Order

Mez Terran 

Build Orders: Reaper Expand 

Get SALT Encoding   

  12  0:01  SCV  
  13  0:13  SCV  
  14  0:17  Supply Depot  
  14  0:25  SCV  
  15  0:39  SCV  
  15  0:40  Barracks  
  16  0:45  Refinery  
  16  0:51  SCV  
  17  1:03  SCV  
  18  1:15  SCV  
  19  1:28  Reaper, Orbital Command  
  20  1:41  Command Center  
  20  1:53  SCV  
  21  1:54  Bunker  
  21  2:07  Barracks Reactor  
  21  2:10  SCV  
  21  2:12  Supply Depot  
  23  2:22  SCV  
  23  2:39  SCV  
  23  2:42  Command Center  
  24  2:45  Factory  
  24  2:46  Marine x2  
  26  2:53  Orbital Command  
  26  2:56  SCV  
  27  3:04  Refinery  
  27  3:08  SCV, Marine x2  
  30  3:20  SCV  
  30  3:23  SCV  
  32  3:29  Widow Mine  
  32  3:31  Starport  
  32  3:32  SCV  
  35  3:35  SCV  
  36  3:44  SCV  
  36  3:45  Marine x2  
  36  3:47  SCV  
  40  3:51  Widow Mine  
  40  3:56  SCV  
  40  4:03  SCV, Marine x2  
  40  4:06  Orbital Command  
  43  4:12  SCV, Starport Tech Lab  
  43  4:13  Factory Tech Lab  
  43  4:15  SCV  
  45  4:21  Marine x2  
  48  4:24  SCV  
  48  4:27  SCV  
  48  4:28  Supply Depot  
  49  4:31  Raven  
  49  4:36  SCV  
  49  4:37  Barracks  
  52  4:39  SCV  
  52  4:43  SCV  
  52  4:44  Barracks  
  54  4:47  Factory Reactor  
  53  4:58  SCV  
  53  5:00  SCV  
  53  5:04  Refinery  
  53  5:06  Refinery, SCV  
  55  5:07  Engineering Bay  
  55  5:08  Engineering Bay  
  55  5:10  SCV  
  55  5:13  SCV  
  57  5:18  SCV, Supply Depot  
  58  5:26  SCV x2  
  58  5:30  SCV  
  59  5:35  Factory Reactor  
  59  5:37  Orbital Command  
  59  5:39  Marine x2, Marauder  
  59  5:41  Stimpack  
  63  5:43  Terran Infantry Weapons Level 1  
  63  5:44  SCV x2  
  65  5:53  Supply Depot  
  65  5:54  Missile Turret  
  65  5:56  Missile Turret  
  65  6:01  Marauder  
  65  6:02  SCV x2  
  65  6:03  SCV  
  70  6:07  Marauder  
  70  6:09  Marine x2  
  74  6:14  SCV x2  
  74  6:15  SCV  
  75  6:22  Marine, Medivac x2  
  79  6:26  SCV x2  
  79  6:27  SCV  
  79  6:30  Missile Turret  
  82  6:33  Terran Infantry Armor Level 1  
  82  6:35  Combat Shield  
  82  6:36  Supply Depot  
  82  6:37  Supply Depot  
  82  6:38  SCV x2  
  84  6:42  SCV  
  85  6:49  Supply Depot  
  85  6:57  SCV, Marine x2  
  85  6:58  Marauder x2  
  85  7:00  SCV x2, Barracks  
  85  7:01  Barracks  
  94  7:03  Medivac x2  
  94  7:04  Widow Mine  
  100  7:10  Widow Mine  
  100  7:13  SCV x3  
  100  7:14  Supply Depot  
  105  7:16  Marine x2, Supply Depot  
  105  7:18  Supply Depot  
  105  7:19  Marine x2  
  109  7:35  SCV x2  
  109  7:36  Widow Mine x2  
  115  7:37  Marauder  
  114  7:49  SCV  
  114  7:50  SCV x2, Marauder  
  119  7:51  Barracks Reactor  
  119  7:52  Marine x2, Barracks Tech Lab  
  119  7:53  Medivac x2  
  119  7:57  Widow Mine x2  
  119  7:58  Armory  
  129  8:00  Refinery  
  129  8:02  SCV x2, Command Center  
  129  8:04  Supply Depot  
  131  8:06  Supply Depot  
  131  8:17  Marauder  
  131  8:19  Concussive Shells  
  133  8:24  Supply Depot  
  133  8:25  Marine x2, Supply Depot  
  133  8:26  Marauder, Medivac x2  
  141  8:27  Marine  
  141  8:30  Refinery, Ghost Academy  
  141  8:32  Starport  
  141  8:33  Supply Depot  
  142  8:35  Supply Depot  
  142  8:41  Marine  
  142  8:42  Marine, Marauder  
  142  8:43  Marine x2  
  142  8:46  Marauder  
  142  8:47  Marine  
  151  8:51  Liberator x2  
  149  9:07  Marine x3, Marauder x3  
  146  9:16  Marine  
  134  9:28  Marauder, Starport Tech Lab  
  134  9:29  Marauder  
  134  9:30  Widow Mine x2  
  142  9:32  Marine x3, Marauder  
  142  9:33  Barracks  
  142  9:34  Barracks  
  142  9:35  Barracks  
  142  9:36  Terran Infantry Weapons Level 2  
  142  9:37  Supply Depot  
  147  9:47  Terran Infantry Armor Level 2  
  147  9:50  Terran Ship Weapons Level 1  
  149  9:53  Fusion Core  
  149  10:04  Marine x3  
  149  10:05  Ghost x2  
  149  10:06  Marine x2  
  156  10:14  Planetary Fortress  
  156  10:16  Liberator  
  152  10:21  Liberator  
  152  10:30  Marine x3, Marauder, Barracks Tech Lab  
  152  10:31  Barracks Tech Lab  
  152  10:32  Barracks Tech Lab  
  152  10:35  Marauder x2  
  159  10:37  Refinery  
  159  10:40  Refinery  
  142  10:51  Marine x3, Marauder x2  
  142  10:52  Marauder  
  125  10:57  Marine, Marauder x3  
  118  11:09  Marine, Liberator x3  
  119  11:13  Marauder x3  
  121  11:33  Marine  
  121  11:34  Marine x4  
  121  11:35  Marine x2  
  128  11:50  Supply Depot x2  
  128  11:53  Liberator  
  128  11:55  Marine x6  
  128  11:56  Marine x2  
  136  12:02  Marine x2  
  136  12:04  Liberator x2  
  141  12:08  Widow Mine x2  
  141  12:13  Marine x2  
  152  12:23  Marine x2  
  149  12:35  SCV x3  
  149  12:36  SCV  
  134  12:47  SCV  
  134  12:50  Marine  
Tags
 
Add a new tag
Caveats
  • Supply blocks, unpowered buildings, or Contaminate may cause inaccurate times.
  • Supply counts are checked every 10 seconds.